 Dungeon Crawl Stone Soup version 0.20-a0-1039-gf554463 (webtiles) character file.

166 Alarkh the Insei (level 5, 0/39 HPs)
             Began as a Demonspawn Transmuter on Apr 22, 2017.
             Succumbed to a worker ant's poison
             ... on level 4 of the Dungeon.
             The game lasted 00:02:02 (3033 turns).

Alarkh the Insei (Demonspawn Transmuter)            Turns: 3033, Time: 00:02:02

Health: 0/39       AC:  2    Str: 10    XL:     5   Next: 22%
Magic:  8/8        EV: 12    Int: 16    God:
Gold:   125        SH:  0    Dex: 13    Spells: 3/8 levels left

rFire    . . .     SeeInvis .     - Unarmed
rCold    . . .     Gourm    .   (no shield)
rNeg     . . .     Faith    +   b - +0 robe
rPois    .         Spirit   .   (no helmet)
rElec    .         Reflect  .   (no cloak)
rCorr    .         Harm     .   (no gloves)
MR       .....                  (no boots)
Stlth    +.........             r - amulet of faith
Regen    0.2/turn               (no ring)
MPRegen  0.2/turn               (no ring)

@: lethally poisoned (0 -> -13), drained
A: claws 2, talons 1
a: no special abilities


You were on level 4 of the Dungeon.
You were hungry.

You visited 1 branch of the dungeon, and saw 4 of its levels.

You collected 125 gold pieces.

Inventory:

Missiles
 a - 76 arrows
Armour
 b - a +0 robe (worn)
Jewellery
 r - an amulet of faith (around neck)
 u - an uncursed amulet of harm
Scrolls
 e - a scroll of identify {unknown}
 g - a scroll of recharging {unknown}
 h - 3 scrolls of remove curse
 k - 3 scrolls of teleportation {unknown}
 n - 2 scrolls of blinking
 o - a scroll of random uselessness
 q - a scroll of fear {unknown}
 v - a scroll of enchant weapon {unknown}
Potions
 f - a potion of degeneration {unknown}
 m - a potion of ambrosia {unknown}
 p - a potion of resistance {unknown}
 s - a potion of lignification {unknown}
 t - a potion of agility {unknown}
Books
 c - a book of Changes

   Spells                             Type                      Level
   a - Beastly Appendage              Transmutation                1
   b - Sticks to Snakes               Transmutation                2
   c - Spider Form                    Transmutation/Poison         3
   d - Ice Form                       Ice/Transmutation            4
   e - Blade Hands                    Transmutation                5
Comestibles
 d - 2 bread rations
 i - 3 royal jellies
 l - a meat ration
 w - 2 chunks of flesh


   Skills:
 + Level 2.5(1.7) Fighting
 + Level 2.6(1.8) Dodging
 * Level 4.4(3.5) Unarmed Combat
 - Level 2.0(1.1) Spellcasting
 - Level 1.7(0.9) Transmutations


You had 3 spell levels left.
You knew the following spells:

 Your Spells              Type           Power        Failure   Level  Hunger
a - Sticks to Snakes      Tmut           #.......     22%         2    ###....
b - Spider Form           Tmut/Pois      #.........   50%         3    ####...


Dungeon Overview and Level Annotations

Branches:
Dungeon (4/15)
 Temple: D:4-7

Altars:
Gozag
Ru
Sif Muna
Uskayaw

Shops:
D:4 *


Innate Abilities, Weirdness & Mutations

You have very sharp fingernails.
You have sharp toenails.


Message History

The worker ant poisons you!
You closely miss the worker ant.
The worker ant is lightly wounded.
You feel sick. The worker ant bites you.
* * * LOW HITPOINT WARNING * * *
You are more poisoned.
The worker ant poisons you!
You scratch the worker ant but do no damage.
The worker ant is lightly wounded.
* * * LOW HITPOINT WARNING * * *
You feel sick. The worker ant misses you. The worker ant closely misses you.
You scratch the worker ant.
The worker ant is moderately wounded.
* * * LOW HITPOINT WARNING * * *
You feel sick. The worker ant bites you.
* * * LOW HITPOINT WARNING * * *
You closely miss the worker ant. Your kick misses the worker ant.
You claw the worker ant!
You kill the worker ant!
You die...

### ###.# #...#
#.#.# ########
#.#.# ###.......
#@#.# #.........
#†#.#####.#.#.###.
#.#.........#.# #.
#.#>#####.#.#.# #.
#.#.# #.#.#.###.
#.### #.........
... #..##.#### #..
# #..#......
#.##..#..####


There were no monsters in sight!

Vanquished Creatures
  A howler monkey (D:4)
  A bullfrog skeleton (D:4)
  A worker ant (D:4)
  4 adders
  2 worms
  A dart slug (D:2)
  A leopard gecko (D:1)
  An orc (D:3)
  A ball python (D:1)
  A giant cockroach (D:2)
  A hobgoblin (D:2)
  3 jackals (D:2)
  A kobold (D:3)
  4 bats
  3 frilled lizards
  7 goblins
  6 rats
39 creatures vanquished.

Notes
Turn   | Place    | Note
-------+----------+-------------------------------------------
     0 | D:1      | Alarkh the Demonspawn Transmuter began the quest for the Orb.
     0 | D:1      | Reached XP level 1. HP: 15/15 MP: 3/3
   561 | D:1      | Reached skill level 3 in Unarmed Combat
   564 | D:1      | Gained mutation: You have sharp fingernails. [demonic ancestry]
   564 | D:1      | Reached XP level 2. HP: 21/21 MP: 5/5
   886 | D:2      | Found a hide-covered altar of Uskayaw.
  1259 | D:2      | Found a deep blue altar of Sif Muna.
  1261 | D:2      | Found a sacrificial altar of Ru.
  1304 | D:2      | Reached XP level 3. HP: 23/26 MP: 6/6
  2297 | D:2      | Learned a level 2 spell: Sticks to Snakes
  2301 | D:2      | Learned a level 3 spell: Spider Form
  2682 | D:3      | Gained mutation: You have sharp toenails. [demonic ancestry]
  2682 | D:3      | Reached XP level 4. HP: 24/33 MP: 7/7
  2911 | D:4      | Found Gozag's Platinum Reserve.
  2911 | D:4      | Found an opulent altar of Gozag.
  2976 | D:4      | Reached skill level 4 in Unarmed Combat
  3021 | D:4      | Gained mutation: You have very sharp fingernails. [demonic ancestry]
  3021 | D:4      | Reached XP level 5. HP: 13/39 MP: 8/8
  3032 | D:4      | HP: 1/39 [worker ant (1)]
  3033 | D:4      | Succumbed to a worker ant's poison

Vault maps used:
D:1:      mrwooster_arrival_statue
D:2:      nicolae_overflow_hidden_temple, old_standard_altar
D:3:      kennysheep_flooded_box
D:4:      nicolae_gozag_zags_fifth_avenue, lemuel_round_altar,
          marbit_many_paths, kennysheep_mini, serial_shops, nicolae_shop_stone,
          first_bread

Skill      XL: |  1  2  3  4 |
---------------+-------------+-----
Unarmed Combat | 3 4 |  4.4
Dodging        | 2 |  2.6
Fighting       | 2 |  2.5
Spellcasting   | |  2.0
Transmutations | |  1.7

Action                   |  1- 3 |  4- 6 || total
-------------------------+-------+-------++-------
Melee: Unarmed           |   125 |    36 ||   161
       Punch             |     3 |     1 ||     4
       Kick              |       |    10 ||    10
  Use: Potion            |     2 |     1 ||     3
       Scroll            |     4 |       ||     4
 Stab: Sleeping          |     2 |       ||     2
  Eat: Chunk             |     6 |       ||     6
Armor: Robe              |    12 |     3 ||    15
Dodge: Dodged            |    72 |    23 ||    95
